Map: Sludge City

Players

Meister

  • Race: Terran Terran
  • League: Master
  • Spawn Location: 11:00

llllllllllll

  • Race: Terran Terran
  • Spawn Location: 9:00

Ohm - Winner!

  • Race: Terran Terran
  • Spawn Location: 5:00

Sesh - Winner!

  • Race: Terran Terran
  • League: Grandmaster
  • Spawn Location: 5:00

VOD

Have the link to the VOD?

Description

Time

  • Played on: April 1, 2017, 10:40 p.m.
  • Length: 12:42
Show
View Real Time Build Order
Export as new Build Order

Meister Terran 

Build Orders: Reaper Expand, Bio Tank 

Get SALT Encoding   

  12  0:01  SCV  
  13  0:13  SCV  
  14  0:18  Supply Depot  
  14  0:25  SCV  
  15  0:29  Refinery  
  15  0:40  SCV  
  16  0:45  Barracks  
  16  0:52  SCV  
  17  1:04  SCV  
  18  1:16  SCV  
  19  1:33  Reaper, Orbital Command  
  20  1:47  Command Center  
  20  1:57  Factory  
  20  2:02  SCV  
  20  2:07  Refinery  
  21  2:11  Barracks Reactor  
  21  2:17  SCV  
  21  2:19  Supply Depot  
  22  2:29  SCV  
  23  2:41  SCV  
  23  2:43  Starport  
  23  2:44  Factory Tech Lab  
  23  2:48  Marine x2  
  25  2:53  SCV  
  26  2:58  Orbital Command  
  26  3:07  Marine  
  26  3:09  Marine  
  28  3:16  Siege Tank  
  31  3:21  SCV  
  32  3:28  Viking  
  32  3:30  Marine x2  
  32  3:33  SCV x2  
  38  3:39  Supply Depot  
  38  3:48  SCV, Marine  
  40  3:49  Siege Tank  
  40  3:51  SCV  
  40  3:53  Engineering Bay  
  44  4:00  SCV  
  44  4:01  Viking  
  47  4:03  SCV  
  48  4:12  SCV  
  48  4:15  Marine x2  
  51  4:18  Barracks  
  51  4:20  Barracks  
  51  4:22  Missile Turret  
  51  4:23  Missile Turret  
  51  4:26  SCV  
  52  4:32  Supply Depot  
  52  4:33  Supply Depot  
  52  4:37  Starport Reactor, SCV  
  53  4:43  SCV, Supply Depot  
  54  4:52  Terran Infantry Weapons Level 1  
  54  4:53  Siege Tank, SCV, Marine x2  
  54  4:57  SCV, Engineering Bay  
  61  5:05  SCV  
  61  5:07  Barracks Reactor, Barracks Tech Lab  
  61  5:09  SCV  
  62  5:15  Refinery  
  62  5:16  Marine, Refinery  
  62  5:17  SCV, Marine  
  62  5:21  SCV  
  66  5:24  Terran Infantry Armor Level 1  
  66  5:30  SCV  
  66  5:32  Marine  
  66  5:34  Marine  
  69  5:38  Stimpack  
  69  5:39  Marine  
  69  5:41  SCV  
  71  5:43  SCV  
  71  5:45  Command Center  
  72  5:50  Marine  
  72  5:51  Marine x3  
  72  5:53  SCV  
  72  5:56  Marine  
  77  6:01  Supply Depot  
  76  6:08  Marine x2  
  78  6:20  Supply Depot  
  78  6:21  Supply Depot  
  78  6:22  Marine x3  
  78  6:23  Siege Tank, SCV  
  85  6:26  Marine  
  85  6:30  Medivac  
  86  6:42  Medivac, SCV x2, Marine x4  
  86  6:44  Armory, Marine  
  95  6:54  Barracks x2  
  95  6:59  Marine x2  
  95  7:00  Marine x2  
  99  7:01  Marine  
  99  7:02  Medivac  
  99  7:06  Orbital Command  
  102  7:09  Supply Depot  
  102  7:12  Supply Depot  
  102  7:17  Marine x3  
  102  7:18  Siege Tank, SCV, Marine  
  111  7:22  SCV  
  111  7:23  Supply Depot  
  111  7:25  Marine  
  112  7:33  Orbital Command  
  112  7:35  Marine  
  112  7:36  Marine x2  
  100  7:37  Marine  
  100  7:39  Combat Shields, Medivac  
  100  7:40  Medivac  
  100  7:43  Marine  
  89  7:53  Marine x2  
  89  7:54  Siege Tank, Marine  
  89  7:55  Barracks Reactor, Marine  
  89  7:56  Barracks Reactor  
  92  8:00  Terran Infantry Weapons Level 2  
  92  8:01  Marine  
  92  8:05  SCV  
  94  8:07  Terran Infantry Armor Level 2  
  94  8:11  Marine x2  
  96  8:15  SCV  
  96  8:17  Marine x2  
  96  8:18  Marine  
  96  8:19  SCV x2  
  103  8:27  SCV  
  103  8:29  Marine x2  
  103  8:31  SCV  
  106  8:36  Marine x2  
  106  8:37  Marine x3  
  106  8:39  Terran Vehicle Weapons Level 1, SCV  
  112  8:42  Marine x2  
  112  8:46  Marine  
  112  8:47  Marine  
  116  8:50  Siege Tank, Command Center  
  116  8:54  Marine x3  
  116  8:55  Marine x2  
  122  8:59  Marine  
  122  9:00  Marine  
  122  9:04  Marine, Medivac x2  
  122  9:05  Marine  
  128  9:10  Sensor Tower  
  128  9:11  Marine  
  128  9:12  Marine x3  
  128  9:13  SCV, Marine  
  134  9:17  Marine x2  
  134  9:22  Siege Tank, Marine x2  
  134  9:23  Factory  
  141  9:24  Supply Depot x2  
  141  9:26  Supply Depot  
  141  9:38  Marine x2  
  141  9:40  Marine x2  
  141  9:43  Marine  
  119  9:47  Marine x4  
  116  9:54  Siege Tank  
  116  9:56  Marine  
  116  9:59  Marine x2, Command Center  
  122  10:03  Marine  
  101  10:10  Marine  
  101  10:13  Marine x3  
  88  10:14  Marine  
  88  10:15  SCV  
  88  10:21  Marine x4  
  71  10:27  Marine  
  64  10:30  SCV  
  64  10:31  Marine x3  
  64  10:32  Marine  
  69  10:39  Marine x3  
  71  10:43  Marine  
  70  10:50  Marine  
  70  10:51  Marine  
  72  10:58  Marine  
  72  10:59  Marine  
  67  11:04  Marine  
  67  11:25  Marine  
  67  11:26  Marine  
  67  11:27  Marine x2  
  67  11:28  Marine x2, Orbital Command  
  67  11:32  Marine  
  71  11:45  Siege Tank  
  74  11:54  Marine  
  74  11:55  Marine  
  76  12:04  SCV x2  
  76  12:05  Marine  
  76  12:08  Marine  
  79  12:11  Marine x2  
  79  12:13  Marine x2  
  81  12:17  Marine  
Show
View Real Time Build Order
Export as new Build Order

llllllllllll Terran 

Build Orders: Cyclone Opening, Reaper Expand, Mech 

Get SALT Encoding   

  12  0:00  SCV  
  13  0:13  SCV  
  14  0:17  Supply Depot  
  14  0:25  SCV  
  15  0:31  Refinery  
  15  0:39  SCV  
  16  0:45  Barracks  
  16  0:51  SCV  
  17  1:03  SCV  
  18  1:15  SCV  
  19  1:33  Orbital Command, Reaper  
  20  1:44  Command Center  
  20  1:54  Factory  
  20  1:59  SCV  
  21  2:02  Refinery  
  21  2:09  Barracks Reactor  
  21  2:11  SCV  
  21  2:15  Supply Depot  
  22  2:23  SCV  
  23  2:41  Cyclone  
  25  2:44  SCV  
  25  2:46  Marine  
  25  2:48  Marine  
  28  2:56  SCV  
  28  2:57  Orbital Command  
  29  3:00  Starport  
  29  3:04  Marine  
  30  3:06  Marine  
  31  3:18  Factory Tech Lab  
  31  3:19  Orbital Command  
  31  3:20  SCV  
  31  3:24  Marine x2  
  34  3:29  Cyclone  
  36  3:40  Viking  
  38  3:45  Marine x2  
  38  3:48  SCV  
  41  3:53  SCV  
  42  4:00  SCV  
  42  4:02  Factory Tech Lab  
  43  4:11  Viking  
  43  4:14  SCV  
  46  4:19  Supply Depot  
  46  4:20  Supply Depot  
  46  4:26  Refinery  
  46  4:35  Supply Depot  
  46  4:41  Siege Tank, SCV  
  46  4:43  Refinery  
  50  4:50  SCV  
  51  4:53  SCV  
  51  4:57  Viking  
  54  5:00  Viking  
  54  5:02  Command Center  
  54  5:06  SCV x2  
  58  5:14  Siege Tank  
  58  5:18  SCV  
  58  5:19  SCV  
  63  5:26  Barracks Reactor  
  63  5:27  Viking  
  65  5:30  Viking  
  65  5:33  SCV  
  65  5:34  SCV  
  69  5:44  Factory  
  69  5:45  SCV  
  69  5:48  Factory  
  70  5:58  SCV x2  
  70  5:59  Siege Tank, Supply Depot  
  70  6:00  Supply Depot  
  69  6:15  SCV x2  
  69  6:17  Refinery  
  69  6:28  Viking x2  
  71  6:39  Barracks Reactor  
  68  6:41  Factory Tech Lab  
  68  6:42  Factory  
  68  6:43  SCV, Orbital Command  
  68  6:44  SCV  
  70  6:50  Armory  
  70  6:51  Armory  
  70  6:53  Refinery  
  70  6:56  SCV x2  
  72  7:04  Siege Tank  
  72  7:05  Hellion  
  72  7:08  SCV x2  
  79  7:11  SCV  
  79  7:15  Viking x2  
  84  7:20  SCV  
  80  7:24  SCV x2  
  80  7:28  Siege Tank, Hellion  
  80  7:29  Hellion  
  89  7:32  Factory  
  89  7:34  SCV  
  89  7:36  SCV x2  
  96  7:37  Hellion x2  
  96  7:43  Supply Depot  
  96  7:44  Supply Depot  
  96  7:46  SCV  
  96  7:48  SCV  
  98  7:51  Terran Vehicle Weapons Level 1  
  98  7:52  Terran Vehicle And Ship Armor Level 1  
  98  7:53  Engineering Bay  
  98  8:00  Siege Tank  
  98  8:04  Siege Tank  
  98  8:05  Supply Depot  
  104  8:06  Supply Depot  
  104  8:07  Supply Depot  
  104  8:12  Infernal Pre-Igniter  
  104  8:14  Viking  
  104  8:17  Factory Tech Lab  
  106  8:21  Supply Depot  
  106  8:23  SCV  
  106  8:24  SCV x2  
  109  8:31  Supply Depot x2  
  109  8:36  SCV  
  109  8:37  Siege Tank  
  109  8:38  Hellion x2  
  109  8:40  Siege Tank  
  120  8:41  Sensor Tower  
  120  8:43  Siege Tank  
  120  8:47  Viking  
  125  8:58  Hellion x2  
  125  8:59  Hellion x2  
  133  9:12  Command Center  
  133  9:16  Siege Tank  
  136  9:18  Siege Tank  
  136  9:19  Siege Tank, Viking x2  
  136  9:22  Supply Depot  
  136  9:23  Supply Depot  
  146  9:24  Supply Depot  
  146  9:28  SCV x2  
  146  9:29  SCV, Supply Depot  
  149  9:45  Hellbat x2  
  151  9:48  Siege Tank  
  151  9:50  Siege Tank, Sensor Tower  
  151  9:51  Viking  
  159  10:02  Siege Tank  
  159  10:03  Hellion  
  158  10:16  Hellion  
  158  10:20  Siege Tank  
  163  10:23  Siege Tank  
  155  10:33  Orbital Command  
  155  10:34  Siege Tank  
  118  10:47  Hellion x2  
  120  10:52  Siege Tank  
  120  10:54  Liberator x2  
  120  10:55  Siege Tank  
  126  11:01  Orbital Command  
  126  11:06  Siege Tank  
  132  11:15  Hellbat x4  
  143  11:30  Hellion x11  
  143  11:38  Refinery  
  143  11:39  Refinery  
  143  11:43  Refinery  
  76  12:06  Hellbat  
  47  12:23  SCV x2  
Show
View Real Time Build Order
Export as new Build Order

Ohm Terran - Winner!

Build Orders: Cyclone Opening, Reaper Expand, Bio Tank 

Get SALT Encoding   

  12  0:01  SCV  
  13  0:13  SCV  
  14  0:18  Supply Depot  
  14  0:25  SCV  
  15  0:31  Refinery  
  15  0:40  SCV  
  16  0:46  Barracks  
  16  0:52  SCV  
  17  1:04  SCV  
  18  1:18  SCV  
  19  1:33  Reaper  
  19  1:34  Orbital Command  
  20  1:47  Command Center  
  20  1:57  Factory  
  20  2:01  SCV  
  22  2:08  Reaper  
  22  2:12  Refinery  
  22  2:17  Supply Depot  
  22  2:20  SCV  
  23  2:42  SCV  
  23  2:43  Cyclone  
  27  2:54  SCV  
  28  3:00  Starport  
  28  3:03  Orbital Command  
  28  3:07  SCV  
  29  3:18  Barracks Reactor  
  28  3:21  Factory Tech Lab  
  28  3:23  SCV  
  29  3:30  SCV  
  30  3:37  Command Center  
  30  3:39  Siege Tank  
  33  3:42  SCV  
  34  3:49  SCV  
  34  3:50  Viking  
  34  3:54  SCV  
  38  4:01  SCV  
  39  4:06  SCV  
  40  4:10  Marine x2  
  40  4:12  Siege Tank  
  40  4:13  SCV  
  46  4:19  Barracks x2  
  46  4:23  SCV  
  47  4:24  Supply Depot  
  47  4:25  SCV  
  47  4:27  Viking  
  50  4:32  Refinery  
  50  4:33  Refinery  
  50  4:36  Marine x2  
  52  4:40  SCV x2  
  54  4:46  Engineering Bay  
  54  4:47  Engineering Bay  
  54  4:50  Orbital Command  
  54  4:55  SCV  
  54  4:58  Marine x2  
  57  5:05  Medivac  
  57  5:06  SCV  
  57  5:07  SCV, Barracks Tech Lab  
  61  5:08  Barracks Reactor  
  61  5:15  Orbital Command  
  61  5:19  SCV  
  61  5:20  SCV  
  63  5:22  Terran Infantry Armor Level 1, Terran Infantry Weapons Level 1  
  63  5:23  Marine x2  
  63  5:28  Stimpack  
  65  5:32  SCV x2  
  65  5:33  Supply Depot  
  67  5:37  Marine, Supply Depot  
  67  5:39  Starport Reactor  
  67  5:41  SCV  
  69  5:44  SCV x2, Marine x2  
  69  5:45  Marine x2  
  75  5:54  SCV  
  75  5:55  Marine  
  77  5:58  Siege Tank  
  77  6:01  Marine x2  
  77  6:03  Marine  
  77  6:04  Marine  
  84  6:06  SCV x3  
  87  6:13  Marine  
  87  6:16  Medivac  
  87  6:17  Medivac  
  87  6:18  SCV x2  
  93  6:19  Marine x2  
  93  6:21  Marine  
  93  6:28  Barracks  
  93  6:30  Barracks  
  93  6:35  Marine x2  
  93  6:36  Siege Tank  
  93  6:37  Marine  
  93  6:41  Supply Depot  
  93  6:43  Marine x2, Supply Depot  
  93  6:45  Armory  
  95  6:53  Marine x2  
  97  6:57  Marine  
  97  6:58  Medivac  
  97  6:59  SCV  
  101  7:02  Orbital Command  
  101  7:03  Medivac, Marine x2  
  105  7:11  Marine x2  
  105  7:14  Marine  
  108  7:19  SCV x2  
  108  7:20  Marine x2  
  112  7:24  Barracks Reactor  
  112  7:25  Barracks Reactor  
  112  7:28  Combat Shields  
  100  7:37  SCV x3  
  100  7:40  Marine x4  
  100  7:43  Siege Tank, Marine  
  100  7:44  Medivac x2  
  115  7:49  Refinery  
  115  7:50  Refinery  
  115  7:53  Terran Infantry Weapons Level 2  
  115  7:56  SCV x2  
  117  8:00  Terran Infantry Armor Level 2  
  117  8:07  Supply Depot  
  117  8:08  Supply Depot  
  117  8:13  Terran Vehicle Weapons Level 1, Supply Depot  
  117  8:16  Supply Depot  
  117  8:23  SCV x2, Marine x6  
  117  8:26  Marine  
  125  8:28  SCV  
  125  8:30  Marine x2  
  128  8:36  Siege Tank  
  128  8:41  Marine x6  
  130  8:42  Medivac x2  
  130  8:44  Marine  
  130  8:45  Supply Depot  
  130  8:46  Supply Depot  
  141  8:51  Marine x2  
  143  8:59  Marine x3, Command Center  
  143  9:00  Marine x3  
  143  9:02  Marine  
  150  9:07  Supply Depot  
  150  9:09  Marine x2, Supply Depot  
  152  9:17  Marine  
  152  9:20  Marine x6  
  159  9:27  Marine x2  
  159  9:28  Siege Tank  
  164  9:46  Marine x3  
  164  9:47  Marine x6  
  173  10:04  Marine x7  
  173  10:09  Marine x2  
  152  10:22  Marine x7  
  152  10:27  Marine x2  
  146  10:35  Siege Tank  
  144  10:40  Marine x7  
  151  10:45  Marine  
  151  10:46  Marauder  
  154  10:57  Marine, Orbital Command  
  154  10:58  Marine x2  
  154  11:04  Marine x5  
  157  11:09  Marine  
  162  11:15  Marine  
  163  11:21  Marine x2  
  163  11:22  Marine x4  
  166  11:43  Marine x9, Orbital Command  
  175  11:55  Siege Tank, Medivac x2  
  175  11:57  Command Center  
  175  12:00  Marine  
  175  12:01  Marine x5  
  183  12:05  Marine  
Show
View Real Time Build Order
Export as new Build Order

Sesh Terran - Winner!

Build Orders: 1/1/1, Cyclone Opening, Bio Tank 

Get SALT Encoding   

  12  0:00  SCV  
  13  0:12  SCV  
  14  0:17  Supply Depot  
  14  0:25  SCV  
  15  0:33  Refinery  
  15  0:38  SCV  
  16  0:45  Barracks  
  16  0:50  SCV  
  17  0:58  Refinery  
  17  1:03  SCV  
  18  1:15  SCV  
  19  1:27  SCV  
  20  1:33  Reaper  
  20  1:39  Orbital Command  
  21  1:40  Factory  
  21  1:47  Supply Depot  
  21  2:05  SCV, Reaper  
  23  2:19  SCV  
  24  2:24  Cyclone  
  24  2:25  Starport  
  27  2:31  SCV, Supply Depot  
  27  2:45  SCV  
  27  2:48  Barracks Tech Lab  
  28  2:57  SCV  
  28  2:58  Widow Mine  
  31  3:11  Command Center  
  31  3:21  SCV  
  32  3:27  Barracks Reactor  
  32  3:33  Raven  
  34  3:34  Widow Mine  
  34  3:39  SCV  
  34  3:41  Supply Depot  
  37  4:02  Command Center  
  37  4:09  Marine x2  
  39  4:11  Factory Tech Lab  
  39  4:12  SCV  
  39  4:16  Raven, Supply Depot  
  42  4:23  Orbital Command  
  42  4:27  SCV  
  43  4:32  Siege Tank  
  46  4:39  SCV  
  47  4:49  SCV  
  47  4:51  SCV  
  49  5:01  SCV  
  49  5:03  SCV  
  49  5:13  SCV, Viking x2  
  54  5:14  Refinery  
  54  5:15  SCV, Stimpack  
  54  5:16  Orbital Command  
  55  5:24  Barracks  
  55  5:25  SCV  
  55  5:27  SCV, Barracks  
  57  5:34  Marine  
  58  5:37  SCV  
  58  5:38  Refinery  
  58  5:39  SCV  
  58  5:40  Siege Tank  
  58  5:42  SCV  
  64  5:47  Viking  
  64  5:49  SCV  
  67  5:51  SCV  
  67  5:54  SCV  
  67  5:56  Marine, Barracks  
  67  5:57  Viking, Barracks  
  72  6:03  SCV  
  72  6:04  SCV  
  74  6:08  SCV  
  74  6:11  Engineering Bay  
  73  6:13  Engineering Bay  
  73  6:15  SCV  
  73  6:17  Barracks Reactor x2, Viking  
  75  6:20  SCV  
  75  6:24  SCV  
  77  6:30  Viking  
  77  6:32  Marine  
  80  6:36  SCV  
  80  6:37  SCV  
  80  6:38  SCV  
  80  6:39  Terran Infantry Weapons Level 1  
  81  6:41  Supply Depot x2, Terran Infantry Armor Level 1  
  81  6:44  Refinery  
  81  6:48  Missile Turret  
  81  6:49  Marine  
  81  6:50  SCV x2  
  81  6:51  SCV  
  85  7:02  Siege Tank, Marine x3, Supply Depot  
  85  7:05  Refinery  
  91  7:09  Barracks Reactor, Supply Depot  
  91  7:11  SCV, Marine  
  93  7:16  Barracks Reactor, Combat Shields  
  93  7:17  SCV  
  94  7:23  SCV  
  94  7:27  SCV  
  94  7:29  SCV, Marine x4  
  99  7:34  Command Center  
  99  7:36  Marine  
  100  7:40  Siege Tank, Medivac  
  100  7:41  Armory, Medivac  
  107  7:47  Marine  
  106  7:53  Marine x4  
  106  7:54  Marine x4  
  106  7:56  SCV  
  106  7:58  SCV  
  106  7:59  SCV  
  106  8:05  Marine  
  108  8:08  SCV  
  108  8:10  Factory, SCV  
  108  8:11  SCV, Marine x4  
  115  8:12  Supply Depot  
  115  8:13  Supply Depot x2  
  115  8:17  Marine  
  115  8:19  Marine  
  116  8:21  Sensor Tower  
  117  8:30  Supply Depot  
  117  8:33  SCV  
  117  8:34  Siege Tank, SCV x2, Medivac x2  
  117  8:36  Terran Infantry Armor Level 2, Terran Infantry Weapons Level 2  
  124  8:41  Marine  
  124  8:45  SCV, Supply Depot  
  124  8:46  Marine  
  127  8:48  Orbital Command  
  127  8:50  Marine  
  127  8:51  Marine x5  
  127  8:52  SCV  
  131  8:57  Marine  
  131  8:59  Marine  
  123  9:03  Factory Tech Lab  
  123  9:04  Marine  
  123  9:06  Siege Tank  
  123  9:08  Marine x2, Barracks  
  123  9:09  Marine, Barracks  
  130  9:11  Marine  
  130  9:14  SCV  
  132  9:18  Terran Vehicle Weapons Level 1  
  132  9:19  Marine x4  
  132  9:20  Medivac x2  
  140  9:26  Supply Depot x2  
  140  9:27  Marine  
  140  9:28  Marine x3  
  140  9:29  Marine  
  145  9:32  Siege Tank  
  145  9:36  Marine, Starport  
  145  9:37  Marine  
  149  9:41  Marine x2  
  149  9:45  Marine x2  
  120  9:46  Marine x2  
  120  9:49  Marine  
  125  9:54  Marine x2  
  125  9:56  SCV  
  125  9:59  Barracks Reactor, Marine  
  127  10:00  Barracks Reactor, Marine  
  127  10:01  SCV  
  127  10:03  Marine x4, Medivac x2  
  137  10:07  Marine  
  137  10:10  Siege Tank x2  
  137  10:12  Marine x2  
  146  10:16  Marine  
  147  10:22  Refinery  
  147  10:23  Refinery  
  147  10:24  Marine x4  
  147  10:26  Marine x2  
  153  10:30  Marine x2  
  153  10:33  Viking x2  
  153  10:34  Marine, Command Center  
  156  10:42  Siege Tank, Marine x2  
  139  10:45  Marine x2  
  139  10:46  Marine x2  
  139  10:47  Marine x4  
  139  10:48  Siege Tank  
  141  10:56  Marine  
  142  10:57  Marine x2  
  142  11:00  Marine  
  142  11:01  Marine  
  142  11:03  Marine x2  
  142  11:04  Marine  
  149  11:07  Marine x3  
  149  11:08  Starport Reactor  
  152  11:13  Marine x2  
  152  11:14  Marine  
  152  11:15  Siege Tank, Marine  
  152  11:16  Medivac x2  
  152  11:18  Marine  
  163  11:22  Marine x4  
  163  11:24  Marine  
  163  11:25  Siege Tank  
  172  11:28  Marine x2  
  174  11:37  Marine  
  174  11:38  Refinery x2  
  175  11:41  Marine x2  
  175  11:42  Marine x2  
  179  11:47  Marine x4  
  173  11:56  Marine x2  
  173  11:58  Marine x3  
  173  12:00  Marine x3  
  173  12:01  Siege Tank x2, Viking x2  
  160  12:02  Viking  
  160  12:05  Marine x2  
  168  12:15  Marine  
Tags
 
Add a new tag
Caveats
  • Supply blocks, unpowered buildings, or Contaminate may cause inaccurate times.
  • Supply counts are checked every 10 seconds.